 Dungeon Crawl Stone Soup version 0.18.1-48-g4cf74bf (webtiles) character file.

1136 Joat the Sneak (level 8, -8/63 HPs)
             Began as a Vine Stalker Monk on Aug 20, 2016.
             Was a Believer of Makhleb.
             Killed by divine providence
             ... invoked by an orc priest
              (11 damage)
             ... on level 6 of the Dungeon.
             The game lasted 00:43:50 (5564 turns).

Joat the Sneak (Vine Stalker Monk)                  Turns: 5564, Time: 00:43:50

Health: -8/63      AC: 29    Str: 16    XL:     8   Next: 36%
Magic:  0/11       EV:  2    Int: 10    God:    Makhleb [**....]
Gold:   224        SH:  0    Dex: 17    Spells: 0 memorised, 9 levels left

rFire  . . .     SeeInvis .     x - +1 trident (protect)
rCold  . . .     Gourm    .     (armour currently unavailable)
rNeg   + + +     Faith    .     (no shield)
rPois  +         Spirit   +     (helmet currently unavailable)
rElec  .         Dismiss  .     (cloak currently unavailable)
rCorr  .         Reflect  .     (gloves currently unavailable)
SustAt .         Harm     .     (boots currently unavailable)
MR     ++...     NoTele   +     (no amulet)
Stlth  ++++......               (no ring)
                                (no ring)

@: tree-form, very resistant to hostile enchantments, stealthy
A: (fangs 0), magic resistance 1, regeneration 2, magic shield, (antimagic
bite), no device heal 3, rot immunity
a: Minor Destruction, Renounce Religion


You were on level 6 of the Dungeon.
You worshipped Makhleb.
Makhleb was pleased with you.
You were very hungry.
You were a tree.
You visited 2 branches of the dungeon, and saw 7 of its levels.

You collected 224 gold pieces.

Inventory:

Hand Weapons
 c - a +0 hand axe
 k - a +0 short sword
 x - a +1 trident of protection (weapon)
 F - a +1 hand axe of chopping
Missiles
 r - 17 poisoned needles
 w - 4 tomahawks of returning (quivered)
Armour
 a - a +0 robe
 h - a +1 cloak (melded)
 v - a +0 ring mail (melded)
 y - a cursed -2 scale mail
 B - a +0 chain mail
 C - a +1 hat (melded)
Wands
 D - a wand of teleportation (4/9)
Scrolls
 e - 2 scrolls of remove curse
 f - a scroll of blinking
 j - 2 scrolls of fog
 l - a scroll of magic mapping
 p - 4 scrolls of teleportation
 q - 3 scrolls of enchant weapon
 u - a scroll of enchant armour
Potions
 d - 2 potions of flight
 g - a potion of haste
 i - 2 potions of heal wounds
 n - 2 potions of cancellation {unknown}
 s - a potion of mutation
 t - 2 potions of curing {unknown}
Books
 o - a book of Cantrips

   Spells                             Type                      Level
   a - Corona                         Hexes                        1
   b - Animate Skeleton               Necromancy                   1
   c - Summon Small Mammal            Summoning                    1
   d - Apportation                    Translocation                1
 z - a book of Transfigurations

   Spells                             Type                      Level
   a - Irradiate                      Conjuration/Transmutation    5
   b - Statue Form                    Transmutation/Earth          6
   c - Hydra Form                     Transmutation                6
   d - Dragon Form                    Transmutation                7
 E - a book of Maledictions

   Spells                             Type                      Level
   a - Corona                         Hexes                        1
   b - Ensorcelled Hibernation        Hexes/Ice                    2
   c - Confuse                        Hexes                        3
   d - Tukima's Dance                 Hexes                        3
   e - Dazzling Spray                 Conjuration/Hexes            3
Comestibles
 b - 3 bread rations
 A - 2 meat rations


   Skills:
 + Level 3.8 Fighting
 - Level 1.7 Short Blades
 + Level 4.1 Polearms
 + Level 2.9 Armour
 + Level 3.5 Dodging
 - Level 4.9 Stealth
 - Level 4.0 Unarmed Combat
 - Level 1.3 Spellcasting
 + Level 3.8 Invocations


You had 9 spell levels left.
You didn't know any spells.

Dungeon Overview and Level Annotations

Branches:
Dungeon (6/15)             Temple (1/1) D:5

Altars:
Ashenzari
Cheibriados
Dithmenos
Elyvilon
Fedhas
Gozag
Kikubaaqudgha
Makhleb
Nemelex Xobeh
Okawaru
Pakellas
Qazlal
Ru
Sif Muna
Trog
Vehumet
Xom
Yredelemnul
Zin
The Shining One


Innate Abilities, Weirdness & Mutations

((You have razor-sharp teeth.))
You heal very quickly.
When hurt, damage is shared between your health and your magic reserves.
((Your bite disrupts and absorbs the magic of your enemies.))
Potions and wands cannot restore your health.
You are immune to rotting.
You are resistant to hostile enchantments.


Message History

You punch the orc warrior, but do no damage.
The orc warrior is moderately wounded.
The orc priest invokes the aid of Beogh against you.
Beogh smites you!
* * * LOW HITPOINT WARNING * * *
The orc warrior completely misses you.
Drink which item? (? for menu, Esc to quit)
Okay, then.
You puncture the orc warrior!
The orc warrior is heavily wounded.
The orc warrior hits you but does no damage.
You puncture the orc warrior!
The orc warrior is severely wounded.
The orc warrior hits you but does no damage.
You hit the orc warrior but do no damage.
You punch the orc warrior.
The orc warrior is almost dead.
The orc priest mumbles some strange prayers to Beogh against you.
Beogh smites you!
You die...

#.........#####.#
#.#.#...........#
#.........#######
###.#.....# #.#######
#.# ######### #.#
#.......# #.#
#.#####.# #♣# # #.#
#.# #o# .#
#.#####.####o##.####
#.##...........o...#
#.##.##.###...#.##.#
###..o....##..........
#.o....######...####.#
#.###### ##.## .# #o#
#.# ##.


You could see an orc warrior and an orc priest.

Vanquished Creatures
  Grinder (D:5)
  Prince Ribbit (D:5)
  Menkaure (D:6)
  A phantom (D:4)
  An ogre (D:5)
  2 howler monkeys
  A crimson imp (D:3)
  2 hounds (D:5)
  A jelly (D:5)
  A worker ant (D:5)
  3 gnolls (D:3)
  8 adders
  3 oozes
  2 worms
  3 giant geckos
  9 orcs
  4 bats
  11 giant cockroaches
  5 hobgoblins
  18 jackals
  5 kobolds
  3 quokkas
  4 giant newts
  7 goblins
  7 rats
104 creatures vanquished.

Notes
Turn   | Place    | Note
--------------------------------------------------------------
     0 | D:1      | Joat the Vine Stalker Monk began the quest for the Orb.
     0 | D:1      | Reached XP level 1. HP: 11/11 MP: 2/2
   200 | D:1      | Reached XP level 2. HP: 14/16 MP: 1/4
   519 | D:1      | Reached skill level 1 in Spellcasting
   853 | D:2      | Reached XP level 3. HP: 19/20 MP: 5/5
  1439 | D:2      | Reached XP level 4. HP: 23/24 MP: 6/6
  1830 | D:3      | Found a shadowy altar of Dithmenos.
  1926 | D:3      | Reached skill level 1 in Short Blades
  1926 | D:3      | Reached XP level 5. HP: 16/28 MP: 7/7
  2422 | D:3      | Found a sparkling altar of Nemelex Xobeh.
  2885 | D:4      | Reached skill level 1 in Polearms
  2932 | D:4      | Reached skill level 1 in Armour
  3072 | D:4      | Noticed an orc warrior
  3164 | D:4      | Noticed a phantom
  3197 | D:4      | Killed a phantom
  3197 | D:4      | Gained mutation: You heal very quickly. [Vine Stalker growth]
  3197 | D:4      | Reached XP level 6. HP: 28/32 MP: 8/8
  3899 | D:4      | Noticed a slave
  3899 | D:4      | Noticed a slave
  4069 | D:5      | Entered Level 5 of the Dungeon
  4132 | D:5      | Noticed Prince Ribbit
  4275 | D:5      | Found a staircase to the Ecumenical Temple.
  4287 | Temple   | Entered the Ecumenical Temple
  4352 | Temple   | Became a worshipper of Makhleb the Destroyer
  4352 | Temple   | Reached * piety under Makhleb
  4352 | Temple   | Reached ** piety under Makhleb
  4420 | D:5      | Reached skill level 1 in Invocations
  4464 | D:5      | Noticed Grinder
  4586 | D:5      | Killed Prince Ribbit
  4586 | D:5      | Reached XP level 7. HP: 30/36 MP: 9/9
  4887 | D:5      | Killed Grinder
  4887 | D:5      | Gained mutation: You have razor-sharp teeth. [Vine Stalker growth]
  4887 | D:5      | Reached XP level 8. HP: 20/40 MP: 5/11
  5340 | D:6      | Noticed Menkaure
  5346 | D:6      | Found a burning altar of Makhleb.
  5360 | D:6      | Killed Menkaure
  5438 | D:6      | Gained mutation: You are resistant to hostile enchantments. [potion of beneficial mutation]
  5561 | D:6      | HP: 1/63 [orc priest/divine providence (9)]
  5564 | D:6      | Killed from afar by an orc priest

Skill      XL: |  1  2  3  4  5  6  7  8 |
---------------+-------------------------+-----
Spellcasting   | 1 |  1.3
Fighting       | 3 |  3.8
Stealth        | 3 4 |  4.9
Short Blades   | 1 |  1.7
Polearms       | 1 3 4 |  4.1
Armour         | 1 2 |  2.9
Invocations    | 2 3 |  3.8
Dodging        | 3 |  3.5
Unarmed Combat | |  4.0

Action                   |  1- 3 |  4- 6 |  7- 9 || total
-------------------------+-------+-------+-------++-------
Melee: Hand axe          |    23 |       |       ||    23
       Bite              |    13 |    94 |    19 ||   126
       Punch             |     2 |     5 |     4 ||    11
       Short sword       |    66 |   172 |       ||   238
       Trident           |       |   168 |    83 ||   251
  Use: Scroll            |       |    12 |     3 ||    15
       Potion            |       |       |     4 ||     4
 Stab: Sleeping          |     8 |     9 |     2 ||    19
       Distracted        |       |       |     1 ||     1
  Eat: Chunk             |     2 |     9 |     2 ||    13
       Beef jerky        |       |     1 |       ||     1
Armor: Robe              |    18 |    48 |    10 ||    76
       Scale mail        |       |    42 |       ||    42
       Skin              |       |       |     8 ||     8
Dodge: Dodged            |    57 |   201 |    33 ||   291
